 Dungeon Crawl Stone Soup version 0.28-a0-863-g8cecda6153 (webtiles) character file.

Game seed: 7923278071350280260

2007 pokeman the Thaumaturge (level 9, -4/48 HPs)
             Began as a Deep Elf Hedge Wizard on Nov 16, 2021.
             Slain by a killer bee (7 damage)
             ... on level 8 of the Dungeon.
             The game lasted 00:13:31 (7453 turns).

pokeman the Thaumaturge (Deep Elf Hedge Wizard)     Turns: 7453, Time: 00:13:32

Health: -4/48      AC:  5    Str:  7    XL:     9   Next: 2%
Magic:  4/25       EV: 13    Int: 23    God:
Gold:   249        SH:  0    Dex: 14    Spells: 17/29 levels left

rFire   + . .      SeeInvis .   k - staff of fire
rCold   . . .      Faith    .   (no shield)
rNeg    . . .      Spirit   .   b - +0 robe
rPois   .          Reflect  .   c - +0 hat
rElec   .          Harm     .   H - +0 cloak
rCorr   .          Rampage  .   I - +0 pair of gloves
Will    .....                   C - +0 pair of boots
Stlth   ++........              (no amulet)
HPRegen 0.16/turn               (no ring)
MPRegen 0.19/turn               (no ring)

@: studying Short Blades
A: no striking features
a: no special abilities


You were on level 8 of the Dungeon.
You visited 1 branch of the dungeon, and saw 6 of its levels.
You also visited: Sewer and Ossuary.

You collected 249 gold pieces.

Inventory:

Hand Weapons
 o - a +0 scythe of venom
 A - a +0 hand crossbow
Missiles
 g - 44 arrows
 h - 42 bolts
 D - a throwing net
Armour
 b - a +0 robe (worn)
 c - a +0 hat (worn)
 C - a +0 pair of boots (worn)
 H - a +0 cloak (worn)
 I - a +0 pair of gloves (worn)
Magical Staves
 k - a staff of fire (weapon)
Wands
 w - a wand of iceblast (4)
Scrolls
 d - 5 scrolls of teleportation {unknown}
 i - a scroll of fear {unknown}
 l - 5 scrolls of enchant weapon {unknown}
 m - a scroll of holy word {unknown}
 n - 4 scrolls of identify {unknown}
 q - 2 scrolls of magic mapping {unknown}
 r - a scroll of amnesia
 u - a scroll of enchant armour {unknown}
 y - a scroll of torment {unknown}
 E - 2 scrolls of brand weapon {unknown}
 F - a scroll of immolation {unknown}
 G - 2 scrolls of noise {unknown}
 J - a scroll of blinking {unknown}
 K - a scroll of acquirement {unknown}
 L - a scroll of vulnerability {unknown}
Potions
 a - 3 potions of heal wounds
 e - a potion of lignification {unknown}
 f - 2 potions of attraction {unknown}
 j - a potion of might {unknown}
 p - 3 potions of degeneration {unknown}
 s - a potion of haste {unknown}
 t - a potion of magic {unknown}
 v - 2 potions of cancellation {unknown}
 x - 3 potions of curing
 z - a potion of brilliance {unknown}
 B - 3 potions of flight


   Skills:
 - Level 2.0 Fighting
 + Level 2.9 Armour
 - Level 3.3 Dodging
 - Level 3.0 Stealth
 * Level 10.7 Spellcasting
 + Level 5.7 Conjurations
 - Level 1.1 Summonings
 - Level 1.1 Translocations
 + Level 4.8 Fire Magic
 - Level 1.1 Air Magic
 - Level 1.0 Poison Magic
 - Level 1.0 Evocations


You had 17 spell levels left.
You knew the following spells:

 Your Spells              Type           Power      Damage    Failure   Level
a - Magic Dart            Conj           100%       1d8       1%          1
b - Mephitic Cloud        Conj/Pois/Air  24%        N/A       5%          3
c - Call Imp              Summ           17%        N/A       4%          2
d - Blink                 Tloc           34%        N/A       4%          2
e - Conjure Flame         Conj/Fire      53%        6-21      1%          3
f - Foxfire               Conj/Fire      100%       2x1d9     1%          1

Your spell library contained the following spells:

 Spells                   Type           Power      Damage    Failure   Level
 Static Discharge         Conj/Air       28%        N/A       1%          2
 Slow                     Hex            48%        N/A       5%          1
 Inner Flame              Hex/Fire       35%        N/A       6%          3
 Call Canine Familiar     Summ           17%        N/A       10%         3
 Portal Projectile        Hex/Tloc       28%        N/A       13%         3
 Leda's Liquefaction      Hex/Erth       6%         N/A       45%         4
 Manifold Assault         Tloc           17%        N/A       67%         5
 Storm Form               Tmut/Air       7%         N/A       100%        7
 Fire Storm               Conj/Fire      26%        8d7       100%        9


Dungeon Overview and Level Annotations

Branches:
Dungeon (5/15)              Sewer (visited)         Ossuary (visited)
 Temple: D:4-7

Altars:


Message History

You feel sick. The killer bee misses you.
The killer bee stings you but does no damage.
Casting: Mephitic Cloud (dangerous; 5% risk of failure)
Confirm with . or Enter, or press ? or * to list all spells.
Aiming: Mephitic Cloud (dangerous; 5% risk of failure)
Press: ? - help, Shift-Dir - straight line, f/p - killer bee
Aim: a killer bee (lightly wounded, chance to affect: 86%) That beam is likely to hit you.
Continue anyway?
The ball explodes into a vile cloud!
The stinking cloud engulfs the killer bee but does no damage.
The killer bee is lightly wounded.
The stinking cloud engulfs you but does no damage.
You feel sick.
The killer bee is engulfed in noxious fumes.
The killer bee appears confused.
The killer bee completely misses you.
The killer bee is engulfed in noxious fumes.
The killer bee appears confused.
The killer bee misses you.
Unknown command.
You hit the killer bee.
The killer bee is heavily wounded.
You feel sick.
The killer bee is engulfed in noxious fumes.
The killer bee appears confused.
The killer bee stings you.
* * * LOW HITPOINT WARNING * * *
Unknown command.
Unknown command.
You feel sick. The killer bee completely misses you.
Unknown command.
Unknown command.
You feel sick. The killer bee stings you!
* * * LOW HITPOINT WARNING * * *
The centaur is engulfed in noxious fumes.
The centaur appears confused.
Unknown command.
You feel sick.
You are no longer poisoned.
The killer bee stings you.
* * * LOW HITPOINT WARNING * * *
The killer bee stings you!
You die...

###### #..y.#
#○##@# ####
########)##.# ...#
.......(....#....#
########)####....#
#.##....o.##
#..†...†....
####.#......
....#....
..>.......


You could see a killer bee (confused).

Vanquished Creatures
  Sigmund (D:3)
  A wraith (D:5)
  An orc warrior (D:8)
  A sky beast (D:5)
  A necrophage (D:5)
  A kobold brigand (Sewer)
  6 water moccasin zombies (Ossuary)
  2 scorpions (D:5)
  A water moccasin skeleton (D:5)
  6 killer bees (D:8)
  A howler monkey (D:8)
  A gnoll shaman (D:5)
  2 bullfrog skeletons (D:5)
  A hound (D:5)
  A jelly (D:5)
  An iguana (D:5)
  Terence (D:3)
  An orc wizard (D:8)
  2 scorpion zombies (D:5)
  A hound skeleton (D:4)
  2 mummies (Ossuary)
  A howler monkey zombie (D:5)
  8 adders
  4 gnolls (D:5)
  A river rat (Sewer)
  7 adder zombies (Ossuary)
  3 worms
  A dart slug (D:2)
  An orc (D:5)
  8 ball pythons
  6 bats
  3 endoplasms
  6 giant cockroaches
  3 gnoll zombies (Ossuary)
  9 goblins
  8 hobgoblins
  2 jackals (Sewer)
  3 quokkas
  5 frilled lizards
  7 hobgoblin zombies (Ossuary)
  10 kobolds
  4 kobold zombies (Ossuary)
  5 orc zombies (Ossuary)
  15 rats
155 creatures vanquished.

Vanquished Creatures (others)
  393 foxfires
393 creatures vanquished.

Grand Total: 548 creatures vanquished

Notes
Turn   | Place    | Note
-------+----------+-------------------------------------------
     0 | D:1      | pokeman the Deep Elf Hedge Wizard began the quest for the
                  | Orb.
     0 | D:1      | Reached XP level 1. HP: 10/10 MP: 7/7
   257 | D:1      | Reached XP level 2. HP: 16/16 MP: 6/9
   883 | D:1      | Reached skill level 5 in Spellcasting
  1203 | D:1      | Found a faded altar of an unknown god.
  1317 | D:2      | Reached XP level 3. HP: 20/20 MP: 7/11
  1321 | D:2      | Learned a level 3 spell: Mephitic Cloud
  1324 | D:2      | Learned a level 2 spell: Call Imp
  1327 | D:2      | Learned a level 2 spell: Blink
  1331 | D:2      | Learned a level 3 spell: Conjure Flame
  1508 | D:2      | Got the Volume of the Blaze and Feathers
  1511 | D:2      | Learned a level 1 spell: Foxfire
  1749 | D:2      | Reached skill level 1 in Fighting
  1749 | D:2      | Reached skill level 1 in Armour
  2535 | D:3      | Reached XP level 4. HP: 25/25 MP: 8/13
  3090 | D:3      | Noticed Sigmund
  3105 | D:3      | Killed Sigmund
  3106 | D:3      | Reached skill level 6 in Spellcasting
  3106 | D:3      | Reached skill level 1 in Fire Magic
  3106 | D:3      | Reached XP level 5. HP: 22/29 MP: 3/16
  3252 | D:3      | Noticed Terence
  3267 | D:3      | Killed Terence
  3438 | D:3      | Reached XP level 6. HP: 34/34 MP: 14/17
  3857 | D:4      | Found a sand-covered staircase.
  3868 | Ossuary  | Entered an ossuary
  3901 | Ossuary  | Reached skill level 7 in Spellcasting
  3901 | Ossuary  | Reached skill level 1 in Air Magic
  4082 | Ossuary  | Reached skill level 1 in Poison Magic
  4082 | Ossuary  | Reached skill level 1 in Evocations
  4353 | Ossuary  | Reached XP level 7. HP: 8/38 MP: 10/20
  4707 | Ossuary  | Reached skill level 8 in Spellcasting
  5228 | D:5      | Entered Level 5 of the Dungeon
  5284 | D:5      | Found a glowing drain.
  5301 | Sewer    | Entered a sewer
  5512 | Sewer    | Found a white marble altar of Elyvilon.
  5661 | D:5      | Reached XP level 8. HP: 44/44 MP: 14/22
  5728 | D:5      | Reached skill level 9 in Spellcasting
  6250 | D:5      | Reached skill level 5 in Conjurations
  6878 | D:5      | Reached skill level 10 in Spellcasting
  7293 | D:5      | You fall into a shaft and drop 3 floors!
  7397 | D:8      | Reached XP level 9. HP: 17/48 MP: 0/25
  7453 | D:8      | Slain by a killer bee

Illustrated notes

Levels and vault maps discovered:
D:1:      elethiomel_arrival_quiet, layout_basic, ebering_ecumenical_altar_mist,
          minmay_close_crescents
D:2:      layout_basic
D:3:      layout_basic, serial_rivers, chequers_serial_rivers_micro_d,
          chequers_serial_rivers_room_b, chequers_serial_rivers_large_a,
          chequers_serial_rivers_room_b, uniq_terence, uniq_sigmund
D:4:      layout_rooms, enter_ossuary_1, minivault_14
D:5:      layout_basic, portal_sewer_entry_f, minmay_manual_macuahuitl
D:8:      kennysheep_spiral_hall, layout_basic, mainiacjoe_overflow_alcove_2

Skill      XL: |  1  2  3  4  5  6  7  8 |
---------------+-------------------------+-----
Spellcasting   | 5 6 7 8 10 | 10.7
Fighting       | 1 2 |  2.0
Armour         | 1 2 |  2.9
Conjurations   | 2 3 4 5 |  5.7
Dodging        | 3 |  3.3
Fire Magic     | 1 2 3 4 |  4.8
Air Magic      | 1 |  1.1
Stealth        | 3 |  3.0
Poison Magic   | 1 |  1.0
Evocations     | 1 |  1.0
Summonings     | |  1.1
Translocations | |  1.1

Action                   |  1- 3 |  4- 6 |  7- 9 || total
-------------------------+-------+-------+-------++-------
Melee: Staff             |    11 |    29 |    51 ||    91
 Cast: Magic Dart        |    87 |     1 |     1 ||    89
       Foxfire           |    22 |    61 |   138 ||   221
       Mephitic Cloud    |     1 |     2 |     6 ||     9
       Conjure Flame     |       |     5 |    13 ||    18
       Blink             |       |     1 |     2 ||     3
       Call Imp          |       |       |     1 ||     1
  Use: Scroll            |       |       |     1 ||     1
 Stab: Distracted        |       |       |     1 ||     1
       Confused          |       |       |     2 ||     2
Armor: Robe              |     2 |     4 |    13 ||    19
Dodge: Dodged            |    15 |    26 |    66 ||   107

Table legend: (Time is in decaauts)
 A = Elapsed time spent in this place.
 B = Non-inter-level travel time spent in this place.
 C = Inter-level travel time spent in this place.
 D = Time resting spent in this place.
 E = Time spent auto-exploring this place.
 F = Levels seen in this place.
 G = Mean time per level.
                   A        B        C        D        E       F      G
               +--------+--------+--------+--------+--------+-----+--------+
         Total |   7533 |   7375 |    158 |    175 |   6142 |   8 |  941.6 |
       Dungeon |   6285 |   6127 |    158 |    175 |   5097 |   6 | 1047.5 |
         Sewer |    280 |    280 |      0 |      0 |    220 |   1 |  280.0 |
       Ossuary |    967 |    967 |      0 |      0 |    825 |   1 |  967.0 |
               +--------+--------+--------+--------+--------+-----+--------+

Top non-repeatable levels by time:
     D:5: 1803 daAuts
     D:3: 1553 daAuts
     D:1: 1313 daAuts
 Ossuary: 967 daAuts
     D:2: 967 daAuts
     D:4: 486 daAuts
   Sewer: 280 daAuts
     D:8: 161 daAuts
